Map: Eternal Empire LE

Players

Silky

  • Race: Zerg Zerg
  • Spawn Location: 1:00

Nina - Winner!

  • Race: Protoss Protoss
  • League: Grandmaster
  • Spawn Location: 7:00

Event: DreamHack SC2 Masters 2020 Summer North America

VOD

Have the link to the VOD?

Description

Time

  • Played on: July 9, 2020, 3:52 p.m.
  • Length: 16:47

All games in this series

Show
View Real Time Build Order
Export as new Build Order

Silky Zerg 

Build Orders: Hatch First 

Get SALT Encoding   

  12  0:00  Drone  
  13  0:12  Overlord  
  13  0:17  Drone  
  14  0:30  Drone  
  14  0:31  Drone  
  16  0:50  Hatchery  
  16  0:52  Drone  
  16  0:55  Drone  
  17  0:58  Drone  
  18  1:08  Extractor  
  17  1:14  Spawning Pool  
  17  1:17  Drone  
  17  1:20  Drone  
  18  1:27  Drone  
  19  1:40  Drone  
  19  1:45  Hatchery  
  19  1:50  Drone  
  20  2:01  Queen  
  20  2:02  Drone  
  20  2:05  Drone  
  24  2:10  Drone  
  24  2:13  Overlord  
  25  2:21  Queen  
  27  2:24  Drone  
  27  2:29  Metabolic Boost  
  28  2:33  Zergling x2  
  28  2:35  Zergling x2  
  30  2:37  Drone  
  31  2:44  Queen  
  31  2:49  Drone x2  
  35  2:55  Drone  
  35  2:56  Overlord  
  36  3:00  Queen  
  38  3:06  Drone x2  
  38  3:07  Drone  
  41  3:18  Drone x3  
  44  3:22  Overlord  
  44  3:24  Queen  
  44  3:25  Drone  
  47  3:31  Spore Crawler  
  47  3:33  Spore Crawler  
  47  3:34  Overlord  
  45  3:37  Drone  
  45  3:39  Drone x2  
  48  3:41  Drone  
  48  3:45  Overlord  
  48  3:47  Drone  
  51  3:48  Drone  
  51  3:50  Drone  
  53  3:55  Drone x2  
  53  3:56  Drone  
  53  3:57  Drone  
  53  4:00  Zergling x2  
  53  4:01  Zergling x2  
  58  4:05  Zergling x2, Spine Crawler  
  58  4:06  Zergling x2  
  58  4:09  Overlord, Zergling x2  
  61  4:13  Drone x2  
  61  4:14  Drone  
  61  4:15  Drone  
  65  4:20  Overlord  
  65  4:21  Drone  
  65  4:22  Drone  
  64  4:25  Drone  
  64  4:26  Overlord  
  65  4:33  Evolution Chamber, Drone, Spore Crawler  
  65  4:34  Drone x2  
  65  4:35  Drone  
  67  4:39  Lair  
  67  4:42  Drone  
  67  4:43  Drone x2  
  67  4:45  Drone  
  71  4:51  Drone x5  
  74  4:54  Drone  
  74  4:56  Drone  
  74  4:59  Zerg Melee Weapons Level 1, Extractor  
  74  5:00  Drone, Extractor  
  74  5:01  Drone, Baneling Nest  
  74  5:04  Drone x2  
  74  5:06  Extractor x3  
  73  5:07  Drone x2  
  73  5:09  Drone  
  73  5:11  Overlord  
  73  5:13  Drone x2  
  78  5:14  Drone  
  78  5:19  Drone x2  
  76  5:29  Drone x2  
  76  5:31  Drone  
  76  5:32  Hatchery  
  76  5:33  Drone  
  76  5:34  Overlord  
  78  5:38  Drone  
  78  5:39  Hydralisk Den, Drone  
  78  5:40  Overlord  
  79  5:44  Overlord  
  79  5:46  Centrifical Hooks  
  79  5:47  Drone  
  79  5:48  Evolution Chamber, Drone  
  80  5:52  Overseer  
  80  5:53  Overseer  
  80  5:55  Overlord  
  80  5:56  Drone  
  81  6:01  Drone x2  
  83  6:05  Pneumatized Carapace  
  83  6:08  Overlord  
  83  6:14  Zerg Missile Weapons Level 1  
  83  6:15  Muscular Augments  
  83  6:16  Hydralisk x3  
  89  6:21  Drone  
  89  6:22  Hydralisk, Drone x4  
  89  6:24  Drone x2  
  98  6:27  Drone  
  98  6:28  Drone  
  98  6:31  Unknown  
  99  6:34  Hydralisk x2, Overlord  
  99  6:35  Hydralisk  
  99  6:37  Drone  
  106  6:40  Overseer  
  106  6:41  Hydralisk  
  106  6:44  Hydralisk  
  106  6:45  Hydralisk  
  112  6:48  Overlord  
  112  6:50  Hydralisk x2  
  112  6:52  Drone x2  
  112  6:53  Drone  
  118  6:57  Zerg Melee Weapons Level 2  
  117  7:01  Drone x4  
  117  7:02  Drone x2  
  117  7:04  Spore Crawler  
  117  7:07  Drone x4  
  125  7:10  Zergling x2  
  125  7:14  Zergling x2  
  127  7:18  Zergling x4  
  127  7:19  Zergling x2  
  130  7:23  Hatchery  
  130  7:27  Zergling x6  
  132  7:33  Grooved Spines, Overlord  
  132  7:35  Zergling x8  
  136  7:38  Baneling x4  
  136  7:40  Overlord x3  
  136  7:47  Overlord x3, Spine Crawler  
  136  7:48  Spine Crawler  
  136  7:50  Zergling x4  
  136  7:52  Overlord x2  
  136  7:57  Baneling x3  
  136  7:58  Zergling x12  
  142  7:59  Zergling x6  
  146  8:05  Zergling x6  
  146  8:07  Zergling x6  
  146  8:09  Zerg Missile Weapons Level 2  
  146  8:11  Baneling  
  146  8:12  Baneling x11  
  151  8:14  Zergling x4  
  151  8:15  Zergling x8  
  157  8:20  Zergling x2  
  157  8:23  Zergling x4  
  157  8:25  Overlord  
  157  8:28  Zergling x6  
  157  8:32  Baneling x6  
  159  8:35  Zergling x10  
  164  8:42  Overlord  
  164  8:47  Zergling x20  
  172  8:52  Overlord  
  166  8:57  Zergling x6  
  166  9:00  Zergling x6  
  171  9:02  Hydralisk  
  171  9:03  Hydralisk x3  
  171  9:04  Baneling x12  
  171  9:05  Baneling x6  
  171  9:12  Drone x2  
  171  9:13  Baneling x6, Spire  
  171  9:14  Hydralisk  
  174  9:24  Hatchery  
  174  9:28  Zergling x20  
  183  9:36  Overlord  
  181  9:42  Zergling x2  
  181  9:43  Zergling x20  
  189  9:46  Queen  
  181  9:53  Hydralisk x2  
  181  9:54  Zergling x6  
  181  9:56  Baneling  
  181  9:57  Baneling x12  
  184  10:00  Hydralisk x2  
  184  10:01  Hydralisk x3  
  190  10:11  Baneling x13  
  186  10:20  Hydralisk x5, Zergling x8  
  186  10:21  Zergling x2  
  200  10:23  Baneling x3  
  185  10:31  Hydralisk x7  
  180  10:36  Zergling x10  
  180  10:39  Zergling x2  
  180  10:40  Zergling x2  
  187  10:43  Baneling  
  187  10:47  Zergling x2  
  187  10:48  Zergling x14  
  174  11:05  Hydralisk x12  
  174  11:06  Zergling x2  
  174  11:10  Hydralisk x2, Zergling x2  
  186  11:16  Baneling, Infestation Pit  
  186  11:17  Baneling x11  
  184  11:21  Zergling x10  
  184  11:24  Baneling x2  
  184  11:25  Baneling x4  
  189  11:28  Zergling x8  
  192  11:35  Zergling x6  
  192  11:39  Zergling x6  
  196  11:49  Zergling x2  
  196  11:50  Zergling x6  
  196  11:53  Baneling x8  
  200  11:56  Baneling x5  
  197  12:09  Zergling x2  
  197  12:10  Zergling x14  
  197  12:12  Baneling  
  197  12:13  Baneling x17  
  197  12:16  Zergling x2  
  197  12:17  Zergling x4  
  196  12:25  Zergling x16  
  196  12:28  Hive  
  200  12:35  Zergling x20  
  196  12:46  Baneling x6  
  196  12:49  Zergling x8  
  199  12:54  Baneling x10  
  182  13:08  Zergling x42  
  176  13:16  Queen, Zergling x6  
  174  13:22  Drone x5, Queen  
  174  13:28  Hydralisk  
  174  13:32  Hatchery, Hydralisk x4  
  174  13:33  Hydralisk  
  181  13:39  Hydralisk  
  175  13:44  Hydralisk x4  
  175  13:48  Hydralisk  
  159  13:51  Hydralisk  
  159  13:52  Zergling x4  
  151  13:57  Hydralisk x2  
  151  13:58  Hydralisk  
  151  14:02  Zerg Missile Weapons Level 3, Zerg Melee Weapons Level 3  
  155  14:07  Hydralisk x2  
  155  14:08  Hydralisk x3  
  157  14:10  Zergling x4  
  157  14:16  Hatchery  
  157  14:23  Zergling x10  
  143  14:32  Zergling x22  
  143  14:36  Zergling x6  
  157  14:40  Zergling x2  
  157  14:43  Baneling x14  
  152  14:47  Zergling x10  
  152  14:48  Zergling x6  
  155  14:56  Zergling x10  
  155  14:58  Baneling x11  
  156  15:02  Hydralisk x2  
  156  15:03  Hydralisk, Zergling x4  
  160  15:12  Hydralisk x4  
  168  15:19  Zergling x8  
  168  15:20  Zergling x4  
  150  15:30  Hydralisk x5, Zergling x2  
  158  15:38  Hydralisk x5  
  158  15:42  Zergling x8  
  166  15:47  Hydralisk  
  166  15:48  Zergling x8  
  159  16:00  Zergling x20  
  159  16:03  Hydralisk x2  
  164  16:14  Zergling x2  
  164  16:15  Zergling x10  
  136  16:21  Hydralisk x2, Zergling x4  
  136  16:25  Zergling x4  
  127  16:27  Zergling x2  
Show
View Real Time Build Order
Export as new Build Order

Nina Protoss - Winner!

Build Orders: 1 Gate Expand, Oracle Opening, Phoenix Opening, Archon Immortal 

Get SALT Encoding   

  12  0:00  Probe  
  13  0:13  Probe  
  14  0:19  Pylon  
  14  0:25  Probe  
  15  0:33  Probe  
  15  0:38  Gateway  
  16  0:43  Probe  
  16  0:45  Assimilator  
  17  0:55  Probe  
  18  1:07  Probe  
  19  1:19  Probe  
  20  1:26  Nexus  
  20  1:36  Cybernetics Core  
  20  1:38  Probe  
  21  1:43  Assimilator  
  21  1:53  Pylon  
  21  1:54  Probe  
  22  2:03  Adept  
  22  2:07  Probe  
  25  2:17  Probe, Stargate  
  26  2:25  Probe  
  26  2:27  Warp Gate  
  27  2:33  Adept  
  29  2:37  Probe  
  29  2:40  Probe  
  31  2:47  Gateway  
  31  2:48  Probe  
  31  2:49  Probe  
  33  3:00  Probe  
  33  3:01  Probe  
  33  3:02  Oracle  
  38  3:10  Probe  
  38  3:13  Probe, Pylon  
  38  3:18  Probe  
  40  3:26  Probe  
  42  3:28  Probe  
  42  3:32  Pylon  
  43  3:38  Probe  
  43  3:39  Phoenix  
  43  3:40  Probe  
  47  3:46  Adept  
  49  3:50  Probe  
  49  3:52  Probe  
  51  3:58  Oracle  
  51  4:02  Nexus, Probe  
  52  4:04  Pylon  
  52  4:09  Probe  
  56  4:12  Assimilator  
  56  4:15  Probe  
  57  4:21  Robotics Facility  
  57  4:22  Probe  
  58  4:27  Probe  
  58  4:28  Sentry  
  58  4:29  Assimilator  
  58  4:31  Shield Battery  
  61  4:34  Pylon  
  61  4:38  Probe  
  61  4:39  Probe  
  61  4:45  Sentry  
  65  4:51  Probe  
  65  4:52  Probe  
  67  4:54  Adept  
  68  5:03  Gateway x2, Probe  
  68  5:05  Probe  
  68  5:06  Twilight Council  
  70  5:08  Immortal  
  74  5:15  Probe  
  74  5:20  Probe  
  76  5:21  Sentry  
  76  5:22  Probe  
  76  5:27  Probe  
  80  5:32  Probe  
  80  5:34  Probe  
  82  5:37  Pylon  
  82  5:38  Pylon  
  82  5:39  Probe  
  82  5:42  Forge  
  83  5:44  Assimilator, Probe  
  83  5:46  Probe  
  85  5:50  Assimilator, Pylon  
  85  5:54  Immortal  
  89  6:00  Probe  
  89  6:01  Probe x2  
  92  6:04  Gateway  
  92  6:05  Protoss Ground Weapons Level 1  
  92  6:11  Gateway  
  92  6:13  Probe x3  
  92  6:15  Charge  
  95  6:19  Templar Archives  
  95  6:25  Probe x3  
  98  6:26  Gateway  
  98  6:27  Immortal  
  98  6:28  Sentry  
  98  6:29  Gateway  
  98  6:32  Zealot  
  102  6:37  Probe x2  
  108  6:45  Stalker  
  108  6:54  Pylon  
  108  6:56  Pylon  
  108  6:57  Zealot  
  108  7:00  High Templar x2  
  108  7:01  Psionic Storm  
  114  7:04  Photon Cannon  
  114  7:06  Pylon  
  114  7:07  Photon Cannon, High Templar  
  116  7:12  Immortal  
  120  7:32  Pylon  
  120  7:36  Nexus  
  120  7:39  High Templar x2  
  120  7:40  High Templar, Pylon  
  120  7:43  Archon  
  126  7:46  Photon Cannon  
  126  7:53  Shield Battery  
  126  7:54  High Templar  
  126  7:56  Immortal  
  132  7:59  Shield Battery  
  132  8:09  Photon Cannon  
  132  8:10  Photon Cannon  
  132  8:15  Gateway  
  132  8:17  Gateway  
  128  8:35  Immortal, High Templar x2  
  128  8:38  Photon Cannon, High Templar  
  128  8:39  High Templar  
  128  8:40  Photon Cannon, Archon  
  128  8:41  Shield Battery  
  140  8:43  Archon  
  140  8:46  Photon Cannon  
  136  8:58  Zealot x4  
  144  9:09  High Templar  
  146  9:10  High Templar  
  146  9:11  Warp Prism  
  146  9:13  Probe x2  
  146  9:14  Probe  
  146  9:15  Protoss Ground Weapons Level 2  
  149  9:19  Photon Cannon  
  147  9:27  Gateway, High Templar x2  
  147  9:28  Gateway  
  147  9:29  Probe  
  152  9:31  Gateway, Archon  
  152  9:34  Zealot x4  
  160  9:40  Probe  
  149  9:46  Probe  
  149  9:47  Probe  
  149  9:48  Zealot x3  
  149  9:57  High Templar  
  149  9:58  High Templar  
  153  10:00  Probe  
  153  10:02  Probe  
  153  10:03  Unknown, Probe  
  156  10:07  Photon Cannon x2  
  156  10:08  High Templar  
  156  10:09  High Templar, Probe  
  156  10:11  Shield Battery  
  156  10:12  Probe  
  156  10:13  Pylon  
  160  10:14  Archon, Probe  
  160  10:15  Probe  
  160  10:20  Zealot  
  164  10:24  Pylon  
  164  10:26  Pylon  
  164  10:27  Pylon  
  143  10:37  Zealot x9  
  161  10:46  Fleet Beacon  
  162  10:50  Stargate, Probe x2  
  162  10:52  Stargate, Probe  
  162  10:53  Photon Cannon  
  162  10:54  Zealot x3  
  162  10:55  Zealot  
  162  10:56  Photon Cannon  
  156  11:00  Protoss Air Weapons Level 1  
  136  11:07  Zealot x5  
  135  11:12  Archon  
  135  11:13  High Templar  
  135  11:14  High Templar x3  
  135  11:17  Zealot x2  
  143  11:18  Probe  
  143  11:20  Probe x2  
  143  11:23  Observer  
  147  11:29  High Templar x2  
  147  11:30  Probe  
  147  11:31  Zealot  
  154  11:34  Archon  
  154  11:37  High Templar, Tempest  
  152  11:45  Pylon, Tempest  
  144  11:50  Tempest  
  144  11:51  Zealot  
  151  11:54  Zealot  
  155  12:12  Zealot x2  
  155  12:14  High Templar  
  155  12:15  High Templar  
  158  12:18  Zealot x5  
  158  12:19  Zealot x2  
  158  12:20  Archon  
  167  12:31  Tempest  
  167  12:33  Pylon  
  170  12:37  Stalker  
  170  12:44  Pylon  
  170  12:50  High Templar x3  
  171  12:54  Probe  
  171  12:56  Probe  
  171  12:57  Unknown  
  168  13:11  Probe  
  156  13:20  Warp Prism, High Templar x2  
  156  13:21  Zealot x5  
  156  13:22  Probe, Zealot  
  156  13:24  Probe  
  172  13:31  High Templar x2  
  153  13:43  Zealot  
  153  13:44  Zealot x8  
  153  13:48  Archon  
  169  13:52  Archon  
  169  13:54  Carrier  
  153  14:02  Probe x2  
  155  14:05  High Templar  
  155  14:06  High Templar x3  
  163  14:10  Archon  
  163  14:11  Archon, Zealot x5  
  163  14:12  Zealot  
  169  14:31  Carrier  
  169  14:37  High Templar x2  
  171  14:48  Carrier  
  171  14:51  Nexus  
  177  14:59  Carrier  
  181  15:17  High Templar, Pylon  
  181  15:19  Pylon  
  173  15:28  Archon  
  173  15:31  High Templar  
  173  15:32  High Templar  
  173  15:33  Zealot x4  
  189  15:35  Carrier  
  189  15:36  Archon  
  189  15:39  Shield Battery  
  189  15:40  Zealot x2  
  183  16:01  Zealot x4  
  183  16:18  Zealot x4  
  183  16:20  Zealot x2  
  183  16:25  High Templar x3  
  185  16:29  Archon  
  185  16:31  High Templar x3  
  187  16:35  Archon  
  183  16:40  Zealot x2  
Tags
 
Add a new tag
Caveats
  • Supply blocks, unpowered buildings, or Contaminate may cause inaccurate times.
  • Supply counts are checked every 10 seconds.